NYP
BATAVIA MUCKDOGS @ BROOKLYN CYCLONES
09/24/2046
 
TOP OF THE 1ST
Batavia Muckdogs batting - Pitching for Brooklyn Cyclones : RHP Tyler Lybrand
Pitching: RHP Tyler Lybrand
Batting: LHB Orlando Rivera 0-0: Called Strike
0-1: Ball
1-1: SINGLE (Line Drive, 8RS, EV 105.0 MPH)
Batting: RHB Justin Dunham 0-0: Ball
Orlando Rivera steals 2nd base
1-0: Foul Ball, location: 2F
1-1: Ball
2-1: Swinging Strike
2-2: Strikes out swinging
Batting: RHB Manuel Taveras 0-0: Ground out 6-3 (Groundball, 6S, EV 85.0 MPH)
Orlando Rivera to third
Batting: RHB Rich Cracchiolo 0-0: Called Strike
0-1: SINGLE (Line Drive, 7S, EV 101.2 MPH)
Orlando Rivera scores
Batting: RHB Trent Hood 0-0: Called Strike
0-1: Swinging Strike
0-2: Ball
1-2: Ball
Rich Cracchiolo steals 2nd base
2-2: Strikes out swinging
Top of the 1st over - 1 run, 2 hits, 0 errors, 1 left on base; Batavia 1 - Brooklyn 0
BOTTOM OF THE 1ST
Brooklyn Cyclones batting - Pitching for Batavia Muckdogs : LHP Matt Boehm
Pitching: LHP Matt Boehm
Batting: RHB Darwin Mills 0-0: Called Strike
0-1: Ball
1-1: Called Strike
1-2: Ball
2-2: Ball
3-2: Base on Balls
Batting: RHB Mike Mathews 0-0: Called Strike
0-1: Called Strike
0-2: Foul Ball, location: 2F
0-2: Foul Ball, location: 2F
0-2: Strikes out swinging
Batting: SHB Harrison Feist 0-0: Swinging Strike
0-1: Ball
1-1: Foul Ball, location: 2F
1-2: Ball
2-2: Strikes out swinging
Batting: RHB Mike Patterson 0-0: Ball
1-0: Swinging Strike
1-1: Swinging Strike
1-2: Ball
2-2: Strikes out swinging
Bottom of the 1st over - 0 runs, 0 hits, 0 errors, 1 left on base; Batavia 1 - Brooklyn 0
TOP OF THE 2ND
Batavia Muckdogs batting - Pitching for Brooklyn Cyclones : RHP Tyler Lybrand
Batting: SHB Justin Corbett 0-0: Foul Ball, location: 2F
0-1: Called Strike
0-2: Strikes out swinging
Batting: RHB Tony Ledezma 0-0: Ball
1-0: SINGLE (Groundball, 6MD, EV 96.2 MPH)
Batting: RHB Torquato Uso 0-0: Ball
1-0: Foul Ball, location: 2F
1-1: Ball
2-1: Fly out, F9 (Flyball, 89S, EV 76.9 MPH)
Batting: RHB Orlando Melendres 0-0: Foul Ball, location: 2F
0-1: Ball
Pickoff Throw to First - Out! 1-3
Top of the 2nd over - 0 runs, 1 hit, 0 errors, 0 left on base; Batavia 1 - Brooklyn 0
BOTTOM OF THE 2ND
Brooklyn Cyclones batting - Pitching for Batavia Muckdogs : LHP Matt Boehm
Batting: RHB Matt Tittle 0-0: Called Strike
0-1: Ground out 6-3 (Groundball, 6, EV 93.1 MPH)
Batting: LHB Ryan Stegall 0-0: Called Strike
0-1: Ball
1-1: Ball
2-1: Foul Ball, location: 2F
2-2: Ball
3-2: Strikes out swinging
Batting: RHB Marvin Merino 0-0: Ground out 5-3 (Groundball, 25, EV 86.2 MPH)
Bottom of the 2nd over - 0 runs, 0 hits, 0 errors, 0 left on base; Batavia 1 - Brooklyn 0
TOP OF THE 3RD
Batavia Muckdogs batting - Pitching for Brooklyn Cyclones : RHP Tyler Lybrand
Batting: RHB Orlando Melendres 0-0: Ball
1-0: Ground out 6-3 (Groundball, 6, EV 97.5 MPH)
Batting: LHB Orlando Rivera 0-0: Ball
1-0: Called Strike
1-1: SOLO HOME RUN (Flyball, 9LD, EV 95.0 MPH), Distance : 357 ft
Batting: RHB Justin Dunham 0-0: Ball
1-0: Swinging Strike
1-1: Called Strike
1-2: Ball
2-2: Fly out, F4 (Popup, 3S, EV 78.1 MPH)
Batting: RHB Manuel Taveras 0-0: Called Strike
0-1: Ball
1-1: Ball
2-1: Foul Ball, location: 2F
2-2: Ball
3-2: Strikes out swinging
Top of the 3rd over - 1 run, 1 hit, 0 errors, 0 left on base; Batavia 2 - Brooklyn 0
BOTTOM OF THE 3RD
Brooklyn Cyclones batting - Pitching for Batavia Muckdogs : LHP Matt Boehm
Batting: RHB Brad Brown 0-0: Called Strike
0-1: Swinging Strike
0-2: Ball
1-2: Strikes out swinging
Batting: RHB Barney Pederson 0-0: Foul Ball, location: 2F
0-1: Foul Ball, location: 2F
0-2: Strikes out swinging
Batting: RHB Darwin Mills 0-0: Foul Ball, location: 2F
0-1: Swinging Strike
0-2: Ball
1-2: Ball
2-2: Ball
3-2: Strikes out looking
Bottom of the 3rd over - 0 runs, 0 hits, 0 errors, 0 left on base; Batavia 2 - Brooklyn 0
TOP OF THE 4TH
Batavia Muckdogs batting - Pitching for Brooklyn Cyclones : RHP Tyler Lybrand
Batting: RHB Rich Cracchiolo 0-0: Ball
1-0: Ball
2-0: Swinging Strike
2-1: Foul Ball, location: 2F
2-2: Strikes out looking
Batting: RHB Trent Hood 0-0: Foul Ball, location: 2F
0-1: Called Strike
0-2: Strikes out swinging
Batting: SHB Justin Corbett 0-0: Ball
1-0: Swinging Strike
1-1: Ball
2-1: Foul Ball, location: 2F
2-2: Ball
3-2: Strikes out looking
Top of the 4th over - 0 runs, 0 hits, 0 errors, 0 left on base; Batavia 2 - Brooklyn 0
BOTTOM OF THE 4TH
Brooklyn Cyclones batting - Pitching for Batavia Muckdogs : LHP Matt Boehm
Batting: RHB Mike Mathews 0-0: Ball
1-0: Called Strike
1-1: Foul Ball, location: 2F
1-2: Foul Ball, location: 2F
1-2: Strikes out looking
Batting: SHB Harrison Feist 0-0: Swinging Strike
0-1: Ground out 5-3 (Groundball, 5, EV 95.6 MPH)
Batting: RHB Mike Patterson 0-0: Ball
1-0: Foul Ball, location: 2F
1-1: Ball
2-1: Ball
3-1: Base on Balls
Batting: RHB Matt Tittle 0-0: Ball
1-0: Ball
2-0: Called Strike
2-1: Foul Ball, location: 2F
2-2: Foul Ball, location: 2F
2-2: Strikes out swinging
Bottom of the 4th over - 0 runs, 0 hits, 0 errors, 1 left on base; Batavia 2 - Brooklyn 0
TOP OF THE 5TH
Batavia Muckdogs batting - Pitching for Brooklyn Cyclones : RHP Tyler Lybrand
Batting: RHB Tony Ledezma 0-0: Ball
1-0: Ball
2-0: Foul Ball, location: 2F
2-1: Foul Ball, location: 2F
2-2: SINGLE (Flyball, 7LS, EV 100.0 MPH)
Batting: RHB Torquato Uso 0-0: Ball
1-0: Swinging Strike
1-1: Foul Ball, location: 2F
1-2: Ball
2-2: Foul Ball, location: 2F
2-2: Foul Ball, location: 2F
2-2: Ball
3-2: Foul Ball, location: 2F
3-2: Strikes out swinging
Batting: RHB Orlando Melendres Pickoff Throw to First - Out! 1-3 CS
0-0: Ground out 6-3 (Groundball, 6, EV 86.2 MPH)
Top of the 5th over - 0 runs, 1 hit, 0 errors, 0 left on base; Batavia 2 - Brooklyn 0
BOTTOM OF THE 5TH
Brooklyn Cyclones batting - Pitching for Batavia Muckdogs : LHP Matt Boehm
Batting: LHB Ryan Stegall 0-0: Called Strike
0-1: Called Strike
0-2: Ball
1-2: Strikes out looking
Batting: RHB Marvin Merino 0-0: Called Strike
0-1: SINGLE (Groundball, 6S, EV 74.4 MPH) (infield hit)
Batting: RHB Brad Brown 0-0: Ball
1-0: Hit by Pitch
Marvin Merino to second
Batting: RHB Barney Pederson 0-0: Bunt missed!
0-1: Sac Bunt to 2R - play at first, batter OUT! 2-4
Marvin Merino to third
Brad Brown to second
Batting: RHB Darwin Mills 0-0: Called Strike
0-1: Fly out, F9 (Line Drive, 9, EV 92.5 MPH)
Bottom of the 5th over - 0 runs, 1 hit, 0 errors, 2 left on base; Batavia 2 - Brooklyn 0
TOP OF THE 6TH
Batavia Muckdogs batting - Pitching for Brooklyn Cyclones : RHP Tyler Lybrand
Batting: LHB Orlando Rivera 0-0: Ball
1-0: Called Strike
1-1: Ball
2-1: Foul Ball, location: 2F
2-2: Ball
3-2: Strikes out swinging
Batting: RHB Justin Dunham 0-0: Ball
1-0: SINGLE (Groundball, 56D, EV 100.6 MPH)
Batting: RHB Manuel Taveras 0-0: Called Strike
0-1: Ball
1-1: Fly out, F7 (Flyball, 7LM, EV 85.0 MPH)
Batting: RHB Rich Cracchiolo 0-0: Ball
1-0: Ball
2-0: Ball
3-0: Called Strike
3-1: Base on Balls
Justin Dunham to second
Batting: RHB Trent Hood 0-0: Foul Ball, location: 2F
0-1: SINGLE (Groundball, 56D, EV 101.2 MPH) (infield hit)
Justin Dunham to third
Rich Cracchiolo to second
Pitching: RHP Adrian Colorado
Batting: SHB Justin Corbett 0-0: Called Strike
0-1: Ball
1-1: Called Strike
1-2: Strikes out swinging
Top of the 6th over - 0 runs, 2 hits, 0 errors, 3 left on base; Batavia 2 - Brooklyn 0
BOTTOM OF THE 6TH
Brooklyn Cyclones batting - Pitching for Batavia Muckdogs : LHP Matt Boehm
Batting: RHB Mike Mathews 0-0: Ball
1-0: Ground out 1-3 (Groundball, 15, EV 63.1 MPH)
Batting: SHB Harrison Feist 0-0: Fly out, F7 (Line Drive, 78M, EV 90.0 MPH)
Batting: RHB Mike Patterson 0-0: Foul Ball, location: 2F
0-1: Ball
1-1: Called Strike
1-2: Foul Ball, location: 2F
1-2: Strikes out looking
Bottom of the 6th over - 0 runs, 0 hits, 0 errors, 0 left on base; Batavia 2 - Brooklyn 0
TOP OF THE 7TH
Batavia Muckdogs batting - Pitching for Brooklyn Cyclones : RHP Adrian Colorado
Batting: RHB Tony Ledezma 0-0: Foul Ball, location: 2F
0-1: DOUBLE (Groundball, 5L, EV 99.4 MPH)
Batting: RHB Torquato Uso 0-0: Called Strike
0-1: Ball
1-1: Swinging Strike
1-2: Strikes out swinging, 2-3 out at first.
Batting: RHB Orlando Melendres 0-0: Foul Ball, location: 2F
0-1: Ball
1-1: Ball
2-1: Ball
3-1: Base on Balls
Batting: LHB Orlando Rivera 0-0: Ball
Tony Ledezma steals 3rd base
Orlando Melendres to second
1-0: Ball
Wild Pitch!
Tony Ledezma scores
Orlando Melendres to third
2-0: Ball
3-0: Called Strike
3-1: Base on Balls
Pitching: RHP Danny Helm
Batting: RHB Justin Dunham 0-0: Called Strike
Orlando Rivera steals 2nd base
0-1: Ball
1-1: Ball
2-1: Called Strike
2-2: Strikes out swinging
Batting: RHB Manuel Taveras 0-0: Called Strike
0-1: Ball
1-1: Called Strike
1-2: Ground out 6-3 (Groundball, 6M, EV 110.6 MPH)
Top of the 7th over - 1 run, 1 hit, 0 errors, 2 left on base; Batavia 3 - Brooklyn 0
BOTTOM OF THE 7TH
Brooklyn Cyclones batting - Pitching for Batavia Muckdogs : LHP Matt Boehm
Pitching: RHP Marco Quezada
Batting: RHB Matt Tittle 0-0: Foul Ball, location: 2F
0-1: Ball
1-1: Foul Ball, location: 2F
1-2: Strikes out swinging
Batting: LHB Ryan Stegall 0-0: Called Strike
0-1: Called Strike
0-2: Ball
1-2: Ball
2-2: Foul Ball, location: 2F
2-2: Ball
3-2: Base on Balls
Batting: RHB Marvin Merino 0-0: Sac Bunt - play at second, runner OUT -> throw to first, DP!
Bottom of the 7th over - 0 runs, 0 hits, 0 errors, 0 left on base; Batavia 3 - Brooklyn 0
Bottom of the 7th over - 0 runs, 0 hits, 0 errors, 0 left on base; Batavia 3 - Brooklyn 0
TOP OF THE 8TH
Batavia Muckdogs batting - Pitching for Brooklyn Cyclones : RHP Danny Helm
Batting: RHB Rich Cracchiolo 0-0: Ball
1-0: DOUBLE (Line Drive, 7LD, EV 99.4 MPH)
Batting: RHB Trent Hood 0-0: Swinging Strike
0-1: Ball
1-1: Ball
2-1: SINGLE (Groundball, 4M, EV 101.2 MPH) (infield hit)
Rich Cracchiolo to third
Batting: SHB Justin Corbett 0-0: Ball
Trent Hood steals 2nd base
1-0: Foul Ball, location: 2F
1-1: Fly out, F8 (Flyball, 8RS, EV 83.8 MPH)
Batting: RHB Tony Ledezma 0-0: Intentional Walk
Pinch Hitting: SHB Matt Moore 0-0: Foul Ball, location: 2F
0-1: Ball
1-1: Foul Ball, location: 2F
1-2: Foul Ball, location: 2F
1-2: Ball
2-2: SINGLE (Line Drive, 34D, EV 96.9 MPH)
Rich Cracchiolo scores
Trent Hood to third
Tony Ledezma to second
Batting: RHB Orlando Melendres 0-0: Foul Ball, location: 2F
0-1: Ball
1-1: Ball
2-1: Hit by Pitch
Trent Hood scores
Tony Ledezma to third
Matt Moore to second
Batting: LHB Orlando Rivera 0-0: Ball
Wild Pitch!
Tony Ledezma scores
Matt Moore to third
Orlando Melendres to second
1-0: Swinging Strike
1-1: Called Strike
1-2: Foul Ball, location: 2F
1-2: Ball
2-2: Foul Ball, location: 2F
2-2: Strikes out swinging
Batting: RHB Justin Dunham 0-0: Ball
1-0: Ball
2-0: Ball
3-0: Base on Balls
Batting: RHB Manuel Taveras 0-0: Foul Ball, location: 2F
0-1: Swinging Strike
0-2: Ball
1-2: Ball
2-2: Ball
3-2: Base on Balls
Matt Moore scores
Orlando Melendres to third
Justin Dunham to second
Batting: RHB Rich Cracchiolo 0-0: Called Strike
0-1: Called Strike
0-2: Strikes out swinging
Top of the 8th over - 4 runs, 3 hits, 0 errors, 3 left on base; Batavia 7 - Brooklyn 0
BOTTOM OF THE 8TH
Brooklyn Cyclones batting - Pitching for Batavia Muckdogs : RHP Marco Quezada
Now at 1B: Nick Dunton
Now at 2B: Justin Dunham
Batting: RHB Brad Brown 0-0: Called Strike
0-1: Ball
1-1: Foul Ball, location: 2F
1-2: Ball
2-2: Foul Ball, location: 2F
2-2: Ball
3-2: Foul Ball, location: 2F
3-2: Foul Ball, location: 2F
3-2: Foul Ball, location: 2F
3-2: DOUBLE (Line Drive, 9LS, EV 105.0 MPH)
Pitching: RHP Matt Alexander
Batting: RHB Barney Pederson 0-0: Sac Bunt to 25 - play at first, batter OUT! 5-3
Brad Brown to third
Batting: RHB Darwin Mills 0-0: Called Strike
0-1: Foul Ball, location: 2F
0-2: Strikes out looking
Batting: RHB Mike Mathews 0-0: Swinging Strike
0-1: Foul Ball, location: 2F
0-2: Strikes out swinging
Bottom of the 8th over - 0 runs, 1 hit, 0 errors, 1 left on base; Batavia 7 - Brooklyn 0
TOP OF THE 9TH
Batavia Muckdogs batting - Pitching for Brooklyn Cyclones : RHP Danny Helm
Batting: RHB Trent Hood 0-0: Ball
1-0: Ball
2-0: Swinging Strike
2-1: Foul Ball, location: 2F
2-2: Strikes out swinging
Batting: SHB Justin Corbett 0-0: Foul Ball, location: 2F
0-1: Ball
1-1: Ball
2-1: Foul Ball, location: 2F
2-2: Foul Ball, location: 2F
2-2: Strikes out looking
Pinch Hitting: RHB Bob Raine 0-0: Called Strike
0-1: Swinging Strike
0-2: DOUBLE (Line Drive, 3D, EV 99.4 MPH)
Pinch Hitting: RHB Eric Jordan 0-0: SINGLE (Groundball, 4MD, EV 98.8 MPH)
Bob Raine to third
Throwing error, E8
Bob Raine scores
Eric Jordan to second
Batting: RHB Orlando Melendres 0-0: Ball
1-0: Ball
2-0: Called Strike
2-1: Ball
3-1: Base on Balls
Batting: LHB Orlando Rivera 0-0: Ball
1-0: Foul Ball, location: 2F
1-1: Ball
2-1: Ball
3-1: Foul Ball, location: 2F
3-2: Base on Balls
Eric Jordan to third
Orlando Melendres to second
Batting: RHB Justin Dunham 0-0: Ball
1-0: Called Strike
1-1: Fielders Choice at 2nd, 6-4 (Groundball, 6, EV 108.1 MPH)
Top of the 9th over - 1 run, 2 hits, 1 error, 3 left on base; Batavia 8 - Brooklyn 0
BOTTOM OF THE 9TH
Brooklyn Cyclones batting - Pitching for Batavia Muckdogs : RHP Matt Alexander
Now at C: Bob Raine
Now at 1B: Dennis Coppolino
Batting: SHB Harrison Feist 0-0: Called Strike
0-1: Ball
1-1: Foul Ball, location: 2F
1-2: Foul Ball, location: 2F
1-2: Strikes out swinging
Batting: RHB Mike Patterson 0-0: Ball
1-0: Ball
2-0: SINGLE (Groundball, 4MD, EV 108.8 MPH)
Batting: RHB Matt Tittle 0-0: Ball
1-0: Ball
2-0: Called Strike
2-1: Swinging Strike
2-2: Strikes out looking
Batting: LHB Ryan Stegall 0-0: Called Strike
0-1: Called Strike
0-2: Strikes out swinging
Bottom of the 9th over - 0 runs, 1 hit, 0 errors, 1 left on base; Batavia 8 - Brooklyn 0
Tuesday, September 13th , 2022 - OOTP Baseball 23.7 Build 88